 Dungeon Crawl Stone Soup version 0.30.0-29-ga12c61a403 (webtiles) character file.

Game seed: 2971825370901369655

347 ANNNA the Chiller (level 6, -8/46 HPs)
             Began as a Draconian Ice Elementalist on June 25, 2023.
             Was an Initiate of Ashenzari.
             Mangled by a boulder beetle (26 damage)
             ... on level 6 of the Dungeon.
             The game lasted 00:08:39 (3700 turns).

ANNNA the Chiller (Draconian Ice Elementalist)      Turns: 3700, Time: 00:08:40

Health: -8/46      AC:  9    Str: 13    XL:     6   Next: 33%
Magic:  11/11      EV: 12    Int: 15    God:    Ashenzari [......]
Gold:   161        SH:  0    Dex: 11    Spells: 5/12 levels left

rFire   . . .        t - +0 spear
rCold   . . .        (no shield)
rNeg    . . .        (body armour unavailable)
rPois   .            (helmet restricted)
rElec   .            l - +0 cloak
rCorr   .            e - +0 pair of gloves
SInv    +            s - +0 pair of boots
Will    .....        (no amulet)
Stlth   ++           b - ring of see invisible
HPRegen 0.27/turn    (no ring)
MPRegen 0.12/turn

%: no passive effects
@: no status effects
A: AC +6, unfitting armour, cold-blooded
a: Renounce Religion, Curse Item


You were on level 6 of the Dungeon.
You worshipped Ashenzari.
Ashenzari was noncommittal.
You visited 1 branch of the dungeon, and saw 5 of its levels.

You collected 185 gold pieces.
You spent 24 gold pieces at shops.

Inventory:

Hand Weapons
 t - a +0 spear (weapon)
Missiles
 c - 16 poisoned darts
 g - 47 stones (quivered)
 n - 2 throwing nets
Armour
 e - a +0 pair of gloves (worn)
 l - a +0 cloak (worn)
 s - a +0 pair of boots (worn)
Jewellery
 b - a ring of see invisible (left hand)
Wands
 o - a wand of quicksilver (3)
Scrolls
 h - 4 scrolls of teleportation
 i - a scroll of vulnerability
 m - 2 scrolls of noise
 q - a scroll of enchant armour
 r - a scroll of fear
 u - a scroll of brand weapon {unknown}
Potions
 a - a potion of magic
 d - a potion of resistance
 f - a potion of mutation
 j - a potion of attraction
 k - a potion of curing {unknown}
 p - a potion of might
 v - a potion of brilliance {unknown}


   Skills:
 + Level 0.8 Fighting
 + Level 1.5 Short Blades
 * Level 1.0 Polearms
 + Level 2.5 Dodging
 * Level 3.1 Stealth
 * Level 3.7 Spellcasting
 + Level 5.2 Ice Magic
 * Level 0.1 Evocations


You had 5 spell levels left.
You knew the following spells:

 Your Spells              Type           Power      Damage    Failure   Level
a - Freeze                Ice            72%        1d8       2%          1
b - Frozen Ramparts       Ice            36%        1d6       6%          3
c - Ozocubu's Armour      Ice            18%        N/A       6%          3

Your spell library contained the following spells:

 Spells                   Type           Power      Damage    Failure   Level
 Summon Ice Beast         Ice/Summ       10%        N/A       54%         4


Dungeon Overview and Level Annotations

Branches:
Dungeon (4/15)
 Temple: D:4-7

Altars:
Ashenzari

Shops:
D:1 (   D:2 *

Annotations:
D:3 Grinder


Innate Abilities, Weirdness & Mutations

Your plain brown scales are hard. (AC +6)
You cannot fit into any form of body armour.
You are cold-blooded and may be slowed by cold attacks.


Message History

* * * LOW HITPOINT WARNING * * *
The white imp freezes you.
You feel yourself slow down.
* * * LOW HITPOINT WARNING * * *
You hit the white imp.
You kill the white imp!
Your icy armour cracks and falls away as you move.
The frozen ramparts melt away as you move.
You feel yourself speed up.
You close the door.
You start resting.
Magic restored.
You start resting.
HP restored.
Okay, then.
You open the door.
Found a stone staircase leading down.
Found 10 gold pieces and a scroll labelled KES XUISIWAXIDGHA.
There is an open door here.
You now have 161 gold pieces (gained 10).
u - a scroll labelled KES XUISIWAXIDGHA
There is an open door here.
A boulder beetle comes into view.
The boulder beetle curls into a ball and begins rolling!
There is an open door here.
The boulder beetle barely misses you.
The boulder beetle stops rolling and uncurls.
There is a stone staircase leading down here.
The boulder beetle attacks as you move away!
The boulder beetle bites you! The boulder beetle bites you!!
A boulder beetle is nearby!
A boulder beetle is nearby!
The boulder beetle attacks as you move away!
The boulder beetle bites you but does no damage.
The boulder beetle curls into a ball and begins rolling!
A boulder beetle is nearby!
A boulder beetle is nearby!
The boulder beetle hits you!!
Ouch! That really hurt!
You die...

#.....#.....#####......
#.....+.....÷........#
#.....#..............#
#.....#.......°......#..
#...###.................
##########'#............
#......#########.###
#..............# .#
#..@....>......#
#...B°°........#
#..............#
#..............#
#......##......#
##.....######### #######


You could see a boulder beetle (rolling).

Vanquished Creatures
  A basilisk (D:6)
  A howler monkey (D:6)
  An iguana (D:4)
  4 gnolls
  3 adders
  A white imp (D:6)
  An ufetubus (D:4)
  2 dart slugs
  An orc (D:4)
  2 ball pythons
  6 endoplasms
  5 giant cockroaches
  3 goblins
  5 hobgoblins
  8 jackals
  4 quokkas
  4 bats (D:1)
  4 frilled lizards
  7 kobolds
  8 rats
71 creatures vanquished.

Notes
Turn   | Place    | Note
-------+----------+-------------------------------------------
     0 | D:1      | ANNNA the Draconian Ice Elementalist began the quest for
                  | the Orb.
     0 | D:1      | Reached XP level 1. HP: 14/14 MP: 3/3
    80 | D:1      | Found Paczuah's Weapon Boutique.
   148 | D:1      | Reached XP level 2. HP: 19/20 MP: 5/5
   646 | D:1      | Reached XP level 3. HP: 24/26 MP: 6/6
  1040 | D:2      | Learned a level 3 spell: Frozen Ramparts
  1729 | D:2      | Found Ugumnymm's General Store.
  1734 | D:2      | Bought a scroll of identify for 24 gold pieces
  1939 | D:3      | Reached XP level 4. HP: 33/33 MP: 7/7
  2289 | D:2      | Reached skill level 1 in Short Blades
  2391 | D:3      | Learned a level 3 spell: Ozocubu's Armour
  2624 | D:3      | Found a faded altar of an unknown god.
  2672 | D:3      | Noticed Grinder
  2687 | D:3      | Paralysed by Grinder for 5 turns
  2740 | D:4      | Reached XP level 5. HP: 36/39 MP: 6/9
  2772 | D:4      | Found a broken altar of Ashenzari.
  2782 | D:4      | Became a worshipper of Ashenzari the Shackled
  3369 | D:4      | You fall into a shaft and drop 2 floors!
  3394 | D:6      | Reached skill level 5 in Ice Magic
  3459 | D:6      | Noticed a basilisk
  3488 | D:6      | Killed a basilisk
  3489 | D:6      | Reached skill level 1 in Polearms
  3489 | D:6      | Reached XP level 6. HP: 12/46 MP: 3/11
  3687 | D:6      | Noticed a boulder beetle
  3700 | D:6      | Mangled by a boulder beetle

Illustrated notes

Levels and vault maps discovered:
D:1:      dpeg_arrival_court, layout_basic, serial_shops,
          nicolae_shop_bloodbath_and_beyond
D:2:      wander_river, layout_basic, serial_shops, nicolae_shop_back_alley_shop
D:3:      layout_rooms, ebering_ecumenical_altar_abandoned, uniq_grinder
D:4:      cheibrodos_old_hovel, layout_loops_ring, evilmike_ruin_ashenzari,
          temple_fountains, kennysheep_windowed_goal
D:6:      minmay_chambers_of_threes, layout_gridville, serial_shops,
          nicolae_shop_window_shopping, nicolae_shop_tiny_waterfront,
          nicolae_shop_industrial_runoff, nicolae_shop_crystal, kb_rosetta

Skill      XL: |  1  2  3  4  5 |
---------------+----------------+-----
Stealth        | 2 3 |  3.1
Dodging        | 2 |  2.5
Short Blades   | 1 |  1.5
Spellcasting   | 3 |  3.7
Ice Magic      | 5 |  5.2
Polearms       | 1 |  1.0
Fighting       | |  0.8
Evocations     | |  0.1

Action                     |  1- 3 |  4- 6 || total
---------------------------+-------+-------++-------
  Melee: Dagger            |   180 |    53 ||   233
         Tailslap          |    27 |    10 ||    37
         Punch             |     3 |       ||     3
         Spear             |       |    52 ||    52
  Throw: Stone             |       |     1 ||     1
   Cast: Freeze            |     8 |    12 ||    20
         Frozen Ramparts   |     1 |     8 ||     9
         Ozocubu's Armour  |       |     5 ||     5
  Evoke: Wand              |       |     4 ||     4
    Use: Scroll            |     3 |     6 ||     9
         Potion            |     2 |       ||     2
   Stab: Sleeping          |     7 |     1 ||     8
 Armour: Skin              |    63 |    65 ||   128
  Dodge: Dodged            |   121 |    70 ||   191
